| TOP OF THE 1ST |
|
Boston Red Sox batting - Pitching for Tampa Bay Rays : RHP Orlando Estrada
|
|
Pitching: RHP Orlando Estrada
|
|
|
Batting: RHB Jim Williamson
|
0-0: Fly out, F8 (Line Drive, 8RD, EV 78 MPH)
|
|
Batting: SHB Dan Combs
|
0-0: Called Strike 0-1: Fly out, F5 (Popup, 5F, EV 91 MPH)
|
|
Batting: LHB Rafael Devers
|
0-0: Called Strike 0-1: Ball 1-1: Swinging Strike 1-2: Foul Ball, location: 3F 1-2: Ball 2-2: Ground out 3-1 (Groundball, 34S, EV 66 MPH)
|
| Top of the 1st over - 0 runs, 0 hits, 0 errors, 0 left on base; Boston 0 - Tampa Bay 0 |
| BOTTOM OF THE 1ST |
|
Tampa Bay Rays batting - Pitching for Boston Red Sox : RHP Juan Cervantes
|
|
Pitching: RHP Juan Cervantes
|
|
|
Batting: LHB Eric Cox
|
0-0: Fly out, F9 (Flyball, 89D, EV 105 MPH)
|
|
Batting: SHB Osvaldo Leme
|
0-0: Fly out, F5 (Line Drive, 5L, EV 91 MPH)
|
|
Batting: RHB Joe Engram
|
0-0: Called Strike 0-1: Ball 1-1: Ball 2-1: Ball 3-1: Base on Balls
|
|
Batting: RHB Ismael Ramírez
|
0-0: Ball 1-0: Foul Ball, location: 2F 1-1: Called Strike 1-2: Ball 2-2: Foul Ball, location: 5F 2-2: Fielders Choice at 2nd, 5-4 (Groundball, 56, EV 68 MPH)
|
| Bottom of the 1st over - 0 runs, 0 hits, 0 errors, 1 left on base; Boston 0 - Tampa Bay 0 |
| TOP OF THE 2ND |
|
Boston Red Sox batting - Pitching for Tampa Bay Rays : RHP Orlando Estrada
|
|
Batting: RHB Patrick Vitzhum
|
0-0: Foul Ball, location: 2F 0-1: Fly out, F8 (Line Drive, 8LD, EV 90 MPH)
|
|
Batting: LHB Dave Hopper
|
0-0: Ball 1-0: Swinging Strike 1-1: Called Strike 1-2: Ball 2-2: Hit by Pitch
|
|
Batting: RHB Bo Dawson
|
0-0: Ball 1-0: Foul Ball, location: 2F 1-1: Grounds into double play, 5-4-3 (Groundball, 56S, EV 77 MPH)
|
| Top of the 2nd over - 0 runs, 0 hits, 0 errors, 0 left on base; Boston 0 - Tampa Bay 0 |
| BOTTOM OF THE 2ND |
|
Tampa Bay Rays batting - Pitching for Boston Red Sox : RHP Juan Cervantes
|
|
Batting: LHB Dan Mitchell
|
0-0: Ball 1-0: Ball 2-0: Called Strike 2-1: DOUBLE (Line Drive, 78XD, EV 90 MPH)
|
|
Batting: RHB Dylan Veeck
|
0-0: Ground out 4-3 (Groundball, 4MS, EV 76 MPH)
|
|
Batting: RHB Jesús Pacheco
|
0-0: Called Strike 0-1: Swinging Strike 0-2: Ball 1-2: Foul Ball, location: 25F 1-2: Ball 2-2: Ground out 6-3 (Groundball, 56, EV 56 MPH)
|
|
Batting: RHB Daniel Santos
|
0-0: Called Strike 0-1: Ball 1-1: Swinging Strike 1-2: Foul Ball, location: 5SF 1-2: Foul Ball, location: 3SF 1-2: Foul Ball, location: 3F 1-2: Ground out 6-3 (Groundball, 6, EV 97 MPH)
|
| Bottom of the 2nd over - 0 runs, 1 hit, 0 errors, 1 left on base; Boston 0 - Tampa Bay 0 |
| TOP OF THE 3RD |
|
Boston Red Sox batting - Pitching for Tampa Bay Rays : RHP Orlando Estrada
|
|
Batting: RHB Daniel Robertson
|
0-0: Called Strike 0-1: Fly out, F3 (Popup, 3SF, EV 55 MPH)
|
|
Batting: RHB Franly Mallen
|
0-0: Ball 1-0: Foul Ball, location: 2F 1-1: Foul Ball, location: 9LMF 1-2: Ball 2-2: Ball 3-2: Fly out, F3 (Popup, 3S, EV 45 MPH)
|
|
Batting: RHB Steve Potter
|
0-0: SINGLE (Groundball, 23, EV 75 MPH) (infield hit)
|
|
Batting: RHB Jim Williamson
|
0-0: Foul Ball, location: 9LSF 0-1: Ball 1-1: Foul Ball, location: 9LMF 1-2: Foul Ball, location: 2F 1-2: Strikes out swinging
|
| Top of the 3rd over - 0 runs, 1 hit, 0 errors, 1 left on base; Boston 0 - Tampa Bay 0 |
| BOTTOM OF THE 3RD |
|
Tampa Bay Rays batting - Pitching for Boston Red Sox : RHP Juan Cervantes
|
|
Batting: RHB Tommy Miller
|
0-0: Called Strike 0-1: Ball 1-1: Fly out, F7 (Flyball, 7, EV 79 MPH)
|
|
Batting: LHB Eric Cox
|
0-0: Foul Ball, location: 25FF 0-1: Ball 1-1: Ground out 6-3 (Groundball, 6M, EV 90 MPH)
|
|
Batting: SHB Osvaldo Leme
|
0-0: Called Strike 0-1: Ball 1-1: Ball 2-1: SINGLE (Flyball, 4D, EV 61 MPH)
|
|
Batting: RHB Joe Engram
|
0-0: Called Strike 0-1: Foul Ball, location: 2F 0-2: Ball 1-2: Fly out, F7 (Flyball, 7LM, EV 85 MPH)
|
| Bottom of the 3rd over - 0 runs, 1 hit, 0 errors, 1 left on base; Boston 0 - Tampa Bay 0 |
| TOP OF THE 4TH |
|
Boston Red Sox batting - Pitching for Tampa Bay Rays : RHP Orlando Estrada
|
|
Batting: SHB Dan Combs
|
0-0: Fly out, F7 (Flyball, 7, EV 88 MPH)
|
|
Batting: LHB Rafael Devers
|
0-0: Ground out 6-3 (Groundball, 6MD, EV 102 MPH)
|
|
Batting: RHB Patrick Vitzhum
|
0-0: SINGLE (Line Drive, 78M, EV 89 MPH)
|
|
Batting: LHB Dave Hopper
|
0-0: Called Strike 0-1: Foul Ball, location: 3F 0-2: Ground out U3 (Groundball, 3S, EV 68 MPH)
|
| Top of the 4th over - 0 runs, 1 hit, 0 errors, 1 left on base; Boston 0 - Tampa Bay 0 |
| BOTTOM OF THE 4TH |
|
Tampa Bay Rays batting - Pitching for Boston Red Sox : RHP Juan Cervantes
|
|
Batting: RHB Ismael Ramírez
|
0-0: Swinging Strike 0-1: DOUBLE (Line Drive, 7LS, EV 90 MPH)
|
|
Batting: LHB Dan Mitchell
|
0-0: Ball 1-0: Ball 2-0: Ground out 4-3 (Groundball, 34, EV 108 MPH) Ismael Ramírez to third
|
|
Batting: RHB Dylan Veeck
|
0-0: Swinging Strike 0-1: Swinging Strike 0-2: Foul Ball, location: 2F 0-2: Strikes out swinging
|
|
Batting: RHB Jesús Pacheco
|
0-0: Ball 1-0: Ball 2-0: Called Strike 2-1: Called Strike 2-2: 2-RUN HOME RUN (Flyball, 78XD, EV 112 MPH), Distance : 400 ft
|
|
Batting: RHB Daniel Santos
|
0-0: Fly out, F9 (Flyball, 9, EV 82 MPH)
|
| Bottom of the 4th over - 2 runs, 2 hits, 0 errors, 0 left on base; Boston 0 - Tampa Bay 2 |
| TOP OF THE 5TH |
|
Boston Red Sox batting - Pitching for Tampa Bay Rays : RHP Orlando Estrada
|
|
Batting: RHB Bo Dawson
|
0-0: Called Strike 0-1: Ball 1-1: Ball 2-1: Foul Ball, location: 2F 2-2: Ball 3-2: Strikes out swinging
|
|
Batting: RHB Daniel Robertson
|
0-0: Called Strike 0-1: Ball 1-1: Ground out 6-3 (Groundball, 6M, EV 84 MPH)
|
|
Batting: RHB Franly Mallen
|
0-0: Swinging Strike 0-1: Ball 1-1: Ball 2-1: Ball 3-1: Base on Balls
|
|
Batting: RHB Steve Potter
|
0-0: Called Strike 0-1: Fly out, F4 (Popup, 4, EV 45 MPH)
|
| Top of the 5th over - 0 runs, 0 hits, 0 errors, 1 left on base; Boston 0 - Tampa Bay 2 |
| BOTTOM OF THE 5TH |
|
Tampa Bay Rays batting - Pitching for Boston Red Sox : RHP Juan Cervantes
|
|
Batting: RHB Tommy Miller
|
0-0: Ball 1-0: Fly out, F9 (Flyball, 9, EV 79 MPH)
|
|
Batting: LHB Eric Cox
|
0-0: Ball 1-0: Ball 2-0: Ball 3-0: Called Strike 3-1: Swinging Strike 3-2: SINGLE (Line Drive, 8LS, EV 91 MPH)
|
|
Batting: SHB Osvaldo Leme
|
0-0: Ball 1-0: Ball Eric Cox steals 2nd base (no throw) 2-0: Called Strike 2-1: Ball 3-1: SINGLE (Line Drive, 7S, EV 89 MPH) Eric Cox to third
|
|
Batting: RHB Joe Engram
|
0-0: Ball 1-0: Foul Ball, location: 9LMF 1-1: Ball 2-1: Called Strike 2-2: Fly out, F8 (Line Drive, 8RM, EV 86 MPH)
|
|
Batting: RHB Ismael Ramírez
|
0-0: Foul Ball, location: 2F 0-1: Ball 1-1: Ground out 4-3 (Groundball, 6MS, EV 76 MPH)
|
| Bottom of the 5th over - 0 runs, 2 hits, 0 errors, 2 left on base; Boston 0 - Tampa Bay 2 |
| TOP OF THE 6TH |
|
Boston Red Sox batting - Pitching for Tampa Bay Rays : RHP Orlando Estrada
|
|
Batting: RHB Jim Williamson
|
0-0: Ball 1-0: Fly out, F8 (Flyball, 8RM, EV 72 MPH)
|
|
Batting: SHB Dan Combs
|
0-0: Called Strike 0-1: Foul Ball, location: 2F 0-2: Ball 1-2: Ball 2-2: Ball 3-2: Foul Ball, location: 5DF 3-2: Foul Ball, location: 2F 3-2: SINGLE (Line Drive, 78S, EV 87 MPH)
|
|
Batting: LHB Rafael Devers
|
0-0: Ball 1-0: Ball 2-0: Called Strike 2-1: SINGLE (Groundball, 3D, EV 105 MPH) Dan Combs to second
|
|
Batting: RHB Patrick Vitzhum
|
0-0: Called Strike 0-1: Foul Ball, location: 2RF 0-2: Ball 1-2: Ground out 4-3 (Groundball, 4S, EV 59 MPH) Dan Combs to third Rafael Devers to second
|
|
Batting: LHB Dave Hopper
|
0-0: Foul Ball, location: 7LSF 0-1: SINGLE (Groundball, 34, EV 76 MPH) Dan Combs scores Rafael Devers to third
|
|
Batting: RHB Bo Dawson
|
0-0: Called Strike 0-1: Foul Ball, location: 7LSF 0-2: Strikes out swinging
|
| Top of the 6th over - 1 run, 3 hits, 0 errors, 2 left on base; Boston 1 - Tampa Bay 2 |
| BOTTOM OF THE 6TH |
|
Tampa Bay Rays batting - Pitching for Boston Red Sox : RHP Juan Cervantes
|
|
Batting: LHB Dan Mitchell
|
0-0: Ball 1-0: Ball 2-0: Called Strike 2-1: Fly out, F8 (Flyball, 78M, EV 84 MPH)
|
|
Batting: RHB Dylan Veeck
|
0-0: SINGLE (Line Drive, 8RS, EV 91 MPH)
|
|
Batting: RHB Jesús Pacheco
|
0-0: Swinging Strike 0-1: Foul Ball, location: 23FF 0-2: Foul Ball, location: 2F 0-2: Strikes out looking
|
|
Batting: RHB Daniel Santos
|
0-0: Called Strike 0-1: Called Strike 0-2: Ball 1-2: Fly out, F4 (Popup, 34D, EV 56 MPH)
|
| Bottom of the 6th over - 0 runs, 1 hit, 0 errors, 1 left on base; Boston 1 - Tampa Bay 2 |
| TOP OF THE 7TH |
|
Boston Red Sox batting - Pitching for Tampa Bay Rays : RHP Orlando Estrada
|
|
Batting: RHB Daniel Robertson
|
0-0: Ball 1-0: Fly out, F9 (Flyball, 9D, EV 112 MPH)
|
|
Batting: RHB Franly Mallen
|
0-0: Swinging Strike 0-1: Foul Ball, location: 5F 0-2: Foul Ball, location: 2F 0-2: Foul Ball, location: 2F 0-2: Ball 1-2: Ball 2-2: Fly out, F9 (Flyball, 9D, EV 112 MPH)
|
|
Batting: RHB Steve Potter
|
0-0: Swinging Strike 0-1: Called Strike 0-2: Ball 1-2: Strikes out swinging
|
| Top of the 7th over - 0 runs, 0 hits, 0 errors, 0 left on base; Boston 1 - Tampa Bay 2 |
| BOTTOM OF THE 7TH |
|
Tampa Bay Rays batting - Pitching for Boston Red Sox : RHP Juan Cervantes
|
|
Batting: RHB Tommy Miller
|
0-0: Called Strike 0-1: Called Strike 0-2: Ball 1-2: Ball 2-2: Foul Ball, location: 2F 2-2: Foul Ball, location: 2F 2-2: Ground out 6-3 (Groundball, 4MS, EV 110 MPH)
|
|
Batting: LHB Eric Cox
|
0-0: Foul Ball, location: 5SF 0-1: Ball 1-1: Called Strike 1-2: Ball 2-2: Strikes out swinging
|
|
Batting: SHB Osvaldo Leme
|
0-0: Called Strike 0-1: Ball 1-1: Ball 2-1: Swinging Strike 2-2: Ball 3-2: Base on Balls
|
|
Pitching: RHP Tristan Robinson
|
|
|
Batting: RHB Joe Engram
|
0-0: Ball 1-0: Ball 2-0: Called Strike 2-1: Ground out 6-3 (Groundball, 6S, EV 92 MPH)
|
| Bottom of the 7th over - 0 runs, 0 hits, 0 errors, 1 left on base; Boston 1 - Tampa Bay 2 |
| TOP OF THE 8TH |
|
Boston Red Sox batting - Pitching for Tampa Bay Rays : RHP Orlando Estrada
|
|
Batting: RHB Jim Williamson
|
0-0: Ball 1-0: Called Strike 1-1: Foul Ball, location: 2F 1-2: Ball 2-2: Ball 3-2: Ground out 1-3 (Groundball, 15S, EV 66 MPH)
|
|
Batting: SHB Dan Combs
|
0-0: Ball 1-0: Ball 2-0: Ball 3-0: Called Strike 3-1: Swinging Strike 3-2: Foul Ball, location: 2F 3-2: SOLO HOME RUN (Flyball, 78XD, EV 106 MPH), Distance : 397 ft
|
|
Batting: LHB Rafael Devers
|
0-0: Ground out 6-3 (Groundball, 6M, EV 108 MPH)
|
|
Batting: RHB Patrick Vitzhum
|
0-0: Called Strike 0-1: Fly out, F9 (Flyball, 9LD, EV 104 MPH)
|
| Top of the 8th over - 1 run, 1 hit, 0 errors, 0 left on base; Boston 2 - Tampa Bay 2 |
| BOTTOM OF THE 8TH |
|
Tampa Bay Rays batting - Pitching for Boston Red Sox : RHP Tristan Robinson
|
|
Batting: RHB Ismael Ramírez
|
0-0: Ball 1-0: Called Strike 1-1: Ball 2-1: Swinging Strike 2-2: Foul Ball, location: 9LMF 2-2: Ball 3-2: Ground out 6-3 (Groundball, 6S, EV 106 MPH)
|
|
Pitching: LHP Jacob Lindgren
|
|
|
Pinch Hitting: RHB Bobby Davenport
|
0-0: Ball 1-0: Called Strike 1-1: Foul Ball, location: 7LMF 1-2: Ball 2-2: SOLO HOME RUN (Flyball, 7D, EV 103 MPH), Distance : 357 ft
|
|
Batting: RHB Dylan Veeck
|
0-0: Swinging Strike 0-1: Ball 1-1: Fly out, F3 (Popup, 3F, EV 63 MPH)
|
|
Batting: RHB Jesús Pacheco
|
0-0: Called Strike 0-1: SINGLE (Groundball, 5D, EV 72 MPH)
|
|
Pitching: LHP Ed Goodwin
|
|
|
Batting: RHB Daniel Santos
|
0-0: Called Strike 0-1: Ball 1-1: Called Strike 1-2: Foul Ball, location: 9LSF 1-2: Ball 2-2: SINGLE (Groundball, 3D, EV 71 MPH) Jesús Pacheco to second
|
|
Batting: RHB Tommy Miller
|
0-0: Ball 1-0: Called Strike 1-1: Ball 2-1: Called Strike 2-2: Ball 3-2: Foul Ball, location: 5F 3-2: Fly out, F8 (Flyball, 78M, EV 86 MPH)
|
| Bottom of the 8th over - 1 run, 3 hits, 0 errors, 2 left on base; Boston 2 - Tampa Bay 3 |
| TOP OF THE 9TH |
|
Boston Red Sox batting - Pitching for Tampa Bay Rays : RHP Orlando Estrada
|
|
Pitching: RHP Joe Montgomery
|
|
|
Now at 1B: Norbert Hernández
|
|
|
Batting: LHB Dave Hopper
|
0-0: Hit by Pitch
|
|
Batting: RHB Bo Dawson
|
0-0: Called Strike 0-1: Foul Ball, location: 9LSFF 0-2: Ball 1-2: Foul Ball, location: 9LMF 1-2: Foul Ball, location: 2F 1-2: Ball 2-2: Strikes out looking
|
|
Batting: RHB Daniel Robertson
|
0-0: Ball 1-0: Called Strike 1-1: Ball 2-1: Foul Ball, location: 2F 2-2: Ball 3-2: Foul Ball, location: 9LSF 3-2: Foul Ball, location: 9LMF 3-2: Foul Ball, location: 7LSF 3-2: Fly out, F5 (Popup, 5SF, EV 55 MPH)
|
|
Batting: RHB Franly Mallen
|
0-0: Called Strike 0-1: Foul Ball, location: 3FF 0-2: Strikes out swinging
|
| Top of the 9th over - 0 runs, 0 hits, 0 errors, 1 left on base; Boston 2 - Tampa Bay 3 |
|